[Event "*** Titled Tuesday Blitz"]
[Site "Chess.com"]
[Date "2020.05.26"]
[Round "3"]
[White "almaguerjm"]
[Black "M1711"]
[Result "1-0"]
[WhiteElo "2341"]
[BlackElo "2509"]
[TimeControl "180+1"]
[EndTime "10:27:50 PDT"]
[Termination "almaguerjm won on time"]

1. d4 Nf6 2. Nc3 d5 3. Bf4 c5 4. e3 cxd4 5. exd4 a6 6. Nf3 Nc6 7. Ne5 e6 8. Nxc6 bxc6 9. Ne2 c5 10. c3 Bd6 11. Bxd6 Qxd6 12. dxc5 Qxc5 13. Qd4 Qxd4 14.
Nxd4 O-O 15. Be2 e5 16. Nb3 a5 17. O-O Rb8 18. Nxa5 Rxb2 19. Rfe1 Bf5 20. Nc6 Re8 21.
Bf1 Ne4 22. f3 Nxc3 23. Rxe5 Rxe5 24. Nxe5 Rxa2 25. Rc1 Ne2+ 26. Bxe2 Rxe2 27. Nc6 Bd7 28. Nd4 Rd2 29. Nb3 Rb2 30. Rc7 Be6 31. Nd4 Kf8 32. h3 Rd2 33. Nb5 g6 34. Kf1 d4 35. Nd6 d3 36. Ne4 Ra2 37. g4 d2 38. Ke2 d1=Q+ 39. Kxd1 Rh2 40. Ng5 Rxh3 41. Nxh3 Bd5 42. Ke2 h6 43.
Nf4 Ba2 44. Ke3 g5 45. Nh5 Be6 46. Kd4 1-0

[Event "*** Titled Tuesday Blitz"]
[Site "Chess.com"]
[Date "2020.05.26"]
[Round "3"]
[White "sergiochess83"]
[Black "MaxVavulin"]
[Result "1-0"]
[WhiteElo "2853"]
[BlackElo "2622"]
[TimeControl "180+1"]
[EndTime "10:27:52 PDT"]
[Termination "sergiochess83 won on time"]

1. e4 e5 2. Nf3 Nc6 3. Bb5 a6 4. Ba4 Nge7 5. O-O g6 6. c3 Bg7 7. d4 exd4 8. cxd4 b5 9. Bc2 O-O 10. d5 Na5 11. Nc3 d6 12. Re1 c6 13. dxc6 Naxc6 14. Bf4 Ne5 15. Nxe5 dxe5 16. Be3 Be6 17. Bb3 Bxb3 18. axb3 Qc7 19. b4 Rfd8 20. Qb3 Qb7 21. Red1 Nc6 22. Nd5 Nd4 23. Bxd4 exd4 24. Rac1 Rac8 25.
h3 h5 26. Qf3 Kh8 27. g4 hxg4 28. hxg4 Rc4 29. Kg2 Kg8 30. b3 Rcc8 31. Rh1 Re8 32. Nf6+ Bxf6 33. Qxf6 Qxe4+ 34. Kg3 Qd3+ 35. f3 1-0

[Event "*** Titled Tuesday Blitz"]
[Site "Chess.com"]
[Date "2020.05.26"]
[Round "3"]
[White "ThePatrick27"]
[Black "ErikRonka"]
[Result "1-0"]
[WhiteElo "2584"]
[BlackElo "2377"]
[TimeControl "180+1"]
[EndTime "10:27:52 PDT"]
[Termination "ThePatrick27 won by checkmate"]

1. d4 d5 2. c4 c6 3. Nc3 Nf6 4. Nf3 e6 5. cxd5 exd5 6. Bg5 Be7 7.
Qc2 g6 8. e3 Bf5 9. Bd3 Bxd3 10. Qxd3 Nbd7 11. O-O O-O 12. a3 a5 13. Rab1 Ne4 14.
Bf4 Re8 15. Nxe4 dxe4 16. Qxe4 Bxa3 17. Qc2 Bb4 18. e4 Qe7 19. e5 Nb6 20. Bg5 Qd7 21. Qe4 Nd5 22. Qh4 Bf8 23. Rbd1 a4 24. Nd2 a3 25.
bxa3 Rxa3 26. Ne4 f5 27. Nf6+ Nxf6 28. Bxf6 Ra5 29. Rb1 Rd5 30. Qg5 Rxd4 31. e6 Rxe6 32. Bxd4 Qxd4 33. Rxb7 Bc5 34. Qg3 Re8 35. Qb3+ Kh8 36.
Qb2 Qxb2 37. Rxb2 Bd4 38. Rb7 c5 39. Rc7 Re2 40. g3 Rc2 41. Rb1 Bb2 42. Re1 Bf6 43.
Re8# 1-0

[Event "*** Titled Tuesday Blitz"]
[Site "Chess.com"]
[Date "2020.05.26"]
[Round "3"]
[White "lili_ani"]
[Black "Tenamu"]
[Result "1-0"]
[WhiteElo "2554"]
[BlackElo "2351"]
[TimeControl "180+1"]
[EndTime "10:27:52 PDT"]
[Termination "lili_ani won by resignation"]

1. e4 e6 2. d4 d5 3. exd5 exd5 4. Nf3 Bd6 5. c4 Bg4 6. Nc3 dxc4 7. Bxc4 Nf6 8. O-O O-O 9. Bg5 Nbd7 10. Qd3 Bh5 11.
Rfe1 c6 12. Ne5 Qc7 13. f4 Rae8 14. Bb3 a6 15. Rac1 c5 16. Qh3 Bg6 17. Nd5 Nxd5 18.
Nxd7 Rxe1+ 19. Rxe1 cxd4 20. Nxf8 Bxf8 21. Bxd5 Qc5 22.
Bb3 d3+ 23. Kh1 d2 24. Rd1 Qc1 25. Qe3 Qxb2 26. Qxd2 Qa3 27. Bh4 Bh5 28. Rf1 h6 29. Bf2 Bb4 30. Qd5 Bg6 31. f5 Bh5 32. f6 gxf6 33.
Qxh5 1-0

[Event "*** Titled Tuesday Blitz"]
[Site "Chess.com"]
[Date "2020.05.26"]
[Round "3"]
[White "BrizuelaReivis"]
[Black "r31415"]
[Result "0-1"]
[WhiteElo "2229"]
[BlackElo "2478"]
[TimeControl "180+1"]
[EndTime "10:27:52 PDT"]
[Termination "r31415 won on time"]

1. e4 e6 2. d4 d5 3. e5 c5 4. c3 Nc6 5. Nf3 Bd7 6. Be2 Qb6 7. O-O Nh6 8. Bxh6 gxh6 9. b3 Rc8 10. Re1 cxd4 11.
cxd4 Nb4 12. Bd3 Bb5 13. Bxb5+ Qxb5 14. Na3 Qa5 15. Rc1 Rc6 16. Rxc6 bxc6 17. Nc2 Qxa2 18. Nxb4 Bxb4 19. Re2 Qa6 20. Rc2 Kd7 21. Qc1 Rb8 22. Qxh6 Be7 23. h3 Qd3 24. Qc1 Rxb3 25. Kh2 Qb5 26. Ra2 a5 27. Qh6 a4 28. Qxh7 a3 29.
Rc2 Rb2 0-1

[Event "*** Titled Tuesday Blitz"]
[Site "Chess.com"]
[Date "2020.05.26"]
[Round "3"]
[White "NefeLV"]
[Black "PawnEatingZombie"]
[Result "0-1"]
[WhiteElo "1789"]
[BlackElo "2246"]
[TimeControl "180+1"]
[EndTime "10:27:52 PDT"]
[Termination "PawnEatingZombie won on time"]

1. c4 e6 2. d4 d5 3. Nc3 Bb4 4. Bd2 Nf6 5. a3 Bxc3 6. Bxc3 O-O 7. e3 Ne4 8. Nf3 Nxc3 9. bxc3 c5 10. cxd5 exd5 11.
Bd3 b6 12. O-O Ba6 13. a4 Bxd3 14. Qxd3 c4 15. Qf5 Nc6 16. Ng5 g6 17. Qf4 Kg7 18. e4 h6 19. Nf3 dxe4 20. Qxe4 Rc8 21. Rfe1 Qf6 22. Ne5 Nxe5 23. dxe5 Qe6 24. a5 b5 25. f4 a6 26. Rad1 Rfd8 27. Qb7 Rd3 28. Rc1 Rcd8 29. Qe4 Rd2 30. Re2 Qe7 31. h3 Qc5+ 32. Kh2 Rxe2 33.
Qxe2 Qd5 34. Re1 Qd3 35. e6 Qxe2 36. Rxe2 f5 37. Re5 Kf6 38. Kg3 Re8 39. e7 Rxe7 0-1

[Event "*** Titled Tuesday Blitz"]
[Site "Chess.com"]
[Date "2020.05.26"]
[Round "3"]
[White "lolo9292"]
[Black "Azeryahu"]
[Result "0-1"]
[WhiteElo "2545"]
[BlackElo "2770"]
[TimeControl "180+1"]
[EndTime "10:27:53 PDT"]
[Termination "Azeryahu won by resignation"]

1. d4 d5 2. c3 Nf6 3. Nf3 e6 4.
Bf4 Bd6 5. Bg3 c5 6. e3 Qc7 7. Nbd2 Nbd7 8. Bb5 O-O 9. O-O b6 10. Qe2 Bb7 11. Rad1 Bxg3 12. hxg3 e5 13. dxe5 Nxe5 14. Nxe5 Qxe5 15. c4 d4 16. Rfe1 dxe3 17. Qxe3 Qxb2 18.
Nf3 Qxa2 19. Rd2 Qa5 20. Ne5 a6 21. Bc6 Bxc6 22. Nxc6 Qa4 23. Ne7+ Kh8 24. g4 Qxc4 25. g5 Ng8 26. Rd7 Rae8 27. g3 Rxe7 28. Rxe7 Nxe7 29. Qxe7 Kg8 30. Rd1 Qe6 31. Qb7 h6 32. gxh6 Qxh6 33. Qxa6 Qc6 34. Rb1 Rb8 35. Qa7 Qb7 36. Qa3 c4 37.
Qb4 b5 38. Rd1 Qc6 39. Rd6 Qc7 40. Rd1 g6 41. Rd5 Rc8 42. Qxb5 c3 43. Rd1 c2 44. Rc1 Qc3 45. Qf1 Rd8 46. Kh2 Rd2 47. Qe1 Qd4 48. Kg1 Kg7 49. Kg2 Rd1 50. Rxc2 Rxe1 0-1

[Event "*** Titled Tuesday Blitz"]
[Site "Chess.com"]
[Date "2020.05.26"]
[Round "3"]
[White "SoltaniciR"]
[Black "sergoy"]
[Result "1-0"]
[WhiteElo "2465"]
[BlackElo "2824"]
[TimeControl "180+1"]
[EndTime "10:27:53 PDT"]
[Termination "SoltaniciR won by resignation"]

1. e4 c5 2. Nf3 d6 3. d4 cxd4 4. Nxd4 Nf6 5. Nc3 a6 6. Be3 e5 7.
Nf3 Be7 8. Bc4 O-O 9. O-O Be6 10.
Bxe6 fxe6 11. Na4 Nc6 12. Nb6 Nxe4 13. Nxa8 Qxa8 14. c4 b5 15. Qc2 d5 16. cxd5 exd5 17.
Rfd1 Nf6 18. Rac1 Rc8 19. Qf5 d4 20. Qe6+ Kh8 21. Nxe5 Rf8 22. Bxd4 Nxe5 23. Bxe5 Bd8 24.
Qc6 Qa7 25. Rxd8 Rxd8 26. Bxf6 Rf8 27. Qd6 Qf7 28. Bd4 Re8 29. g3 Kg8 30. Rc7 Qf3 31. Rxg7+ Kh8 32. Rf7+ Kg8 33. Rxf3 Re1+ 34. Kg2 Re8 35.
Qd5+ 1-0

[Event "*** Titled Tuesday Blitz"]
[Site "Chess.com"]
[Date "2020.05.26"]
[Round "3"]
[White "Shield12"]
[Black "zubridis"]
[Result "1-0"]
[WhiteElo "2817"]
[BlackElo "2449"]
[TimeControl "180+1"]
[EndTime "10:27:53 PDT"]
[Termination "Shield12 won on time"]

1. e4 g6 2. d4 Bg7 3. Nf3 d6 4. Bc4 e6 5. c3 a6 6. Nbd2 Ne7 7. Bd3 Nbc6 8. h3 O-O 9. O-O h6 10. Re1 e5 11. dxe5 dxe5 12. Qe2 f5 13. b4 f4 14. a4 g5 15. Bc4+ Kh7 16. Nf1 Ng6 17. Ba3 Qf6 18. N3h2 Nh4 19. Nd2 Re8 20. Qh5 Qg6 21.
Qxg6+ Kxg6 22. Rad1 Kf6 23. Nb3 Bf8 24. Bb2 f3 25. g3 Ng6 26. Ng4+ Kg7 27. Kh2 h5 28. Ne3 Nge7 29. Nd2 g4 30. Bb3 Kf6 31. Nd5+ Nxd5 32. exd5 Nd8 33. Ne4+ Kg7 34. d6 cxd6 35. Nxd6 Bxd6 36. Rxd6 Nf7 37. Rb6 gxh3 38. Re3 1-0

[Event "*** Titled Tuesday Blitz"]
[Site "Chess.com"]
[Date "2020.05.26"]
[Round "3"]
[White "dpopadic"]
[Black "CraiggoryC"]
[Result "1-0"]
[WhiteElo "2385"]
[BlackElo "2120"]
[TimeControl "180+1"]
[EndTime "10:27:53 PDT"]
[Termination "dpopadic won on time"]

1. e4 e6 2. d4 d5 3. e5 c5 4. Qg4 Nc6 5. Nf3 cxd4 6. Bd3 Qc7 7.
Qg3 f6 8. exf6 Qxg3 9. f7+ Kxf7 10.
hxg3 Nf6 11. Bf4 Bb4+ 12. Nbd2 e5 13. Nxe5+ Nxe5 14. Bxe5 Re8 15. f4 Ng4 16. O-O-O Nf2 17. Bxd4 Nxh1 18. Rxh1 Bxd2+ 19. Kxd2 h6 20. f5 Bd7 21. f6 gxf6 22. Rxh6 Rg8 23. Rxf6+ Ke7 24. Rf3 b6 25. Be5 Raf8 26. Bf4 Bf5 27. Bxf5 Rxf5 28.
Ra3 a5 29. Rb3 Rg6 30. Rb5 Kd7 31. Rb3 Kc6 32. Rc3+ Kb5 33. Rc8 d4 34. Rd8 Kc5 35.
Kd3 Rc6 36. Rxd4 Rd5 37. Rxd5+ Kxd5 38. a4 Rc4 39. b3 Rc6 40. Be3 Rg6 41. Bf4 1-0

[Event "*** Titled Tuesday Blitz"]
[Site "Chess.com"]
[Date "2020.05.26"]
[Round "3"]
[White "abubakrtagelsir"]
[Black "rugbyclub"]
[Result "1-0"]
[WhiteElo "2307"]
[BlackElo "2097"]
[TimeControl "180+1"]
[EndTime "10:27:53 PDT"]
[Termination "abubakrtagelsir won by checkmate"]

1. e4 e5 2. Nf3 Nc6 3. d4 exd4 4. Bc4 Bc5 5. c3 Nf6 6. cxd4 Bb4+ 7. Bd2 Bxd2+ 8.
Nbxd2 d5 9. exd5 Ne7 10. Qa4+ Bd7 11. Qb3 O-O 12. O-O b5 13. d6 cxd6 14. Bd3 Rb8 15.
Rfe1 Bf5 16. Rxe7 Bxd3 17. Rxa7 Qb6 18. Re7 Bc4 19. Qc2 Nd5 20. Ree1 Rbc8 21. Qf5 Nb4 22. Ng5 g6 23. Qh3 h5 24. Nxc4 Rxc4 25. Rad1 Nc2 26. Re4 Rxd4 27. Rexd4 Nxd4 28. Qe3 Rc8 29. h4 Rc4 30. Qe8+ Kg7 31. Qxf7+ Kh8 32. Qh7# 1-0

[Event "*** Titled Tuesday Blitz"]
[Site "Chess.com"]
[Date "2020.05.26"]
[Round "3"]
[White "Willychess95"]
[Black "Quaternitychess"]
[Result "0-1"]
[WhiteElo "2596"]
[BlackElo "2794"]
[TimeControl "180+1"]
[EndTime "10:27:54 PDT"]
[Termination "Quaternitychess won by resignation"]

1. e4 d6 2. d4 Nf6 3. Nc3 Nbd7 4. Nf3 e5 5. Bc4 Be7 6. O-O O-O 7. Re1 c6 8. a4 a5 9. h3 h6 10. Be3 Re8 11. Qd2 Bf8 12. Rad1 Qc7 13. Bb3 exd4 14.
Bxd4 Ne5 15. Qe3 Be6 16. Bb6 Nxf3+ 17. gxf3 Qc8 18. Bxe6 Rxe6 19. f4 Nxe4 20. Nxe4 d5 21. Qb3 Rxe4 22. Rxe4 dxe4 23. Rd8 Qxd8 24. Bxd8 Rxd8 25.
Qxb7 e3 26. fxe3 Rd1+ 27. Kg2 Rd2+ 28. Kf3 Rxc2 29. Qa8 c5 30. Qxa5 Rxb2 31. Qc7 Ra2 32. a5 c4 33. e4 c3 34. Kg4 c2 35. a6 g6 36. a7 Rxa7 37. Qxc2 Ra3 38. Qc8 h5+ 39. Kg5 Kg7 40. f5 Be7+ 41. Kf4 g5+ 42. Ke5 Bf6+ 43. Kd5 Rd3+ 0-1

[Event "*** Titled Tuesday Blitz"]
[Site "Chess.com"]
[Date "2020.05.26"]
[Round "3"]
[White "BelaKis"]
[Black "nitpicker"]
[Result "1-0"]
[WhiteElo "2133"]
[BlackElo "2292"]
[TimeControl "180+1"]
[EndTime "10:27:54 PDT"]
[Termination "BelaKis won on time"]

1. Nf3 Nf6 2. g3 g6 3. Bg2 Bg7 4. O-O c5 5. c4 O-O 6. Nc3 d5 7. cxd5 Nxd5 8. Na4 b6 9. d4 cxd4 10. Nxd4 Bb7 11. Nb5 Qd7 12. Nac3 e6 13. Nxd5 Bxd5 14. Bxd5 exd5 15. Nd4 Nc6 16. Be3 Ne5 17. Kg2 Nc4 18. Bc1 Rfe8 19. b3 Nd6 20. Be3 Ne4 21. Rc1 Rac8 22.
Qd3 f5 23. Rxc8 Rxc8 24. Rc1 Rxc1 25. Bxc1 Qc7 26. Be3 Qc3 27. Ne6 Qxd3 28. exd3 Nd6 29. d4 Nb5 30. a4 Nc3 31. Nxg7 Kxg7 32. Bf4 a6 33. Bc7 b5 34. axb5 axb5 35. Be5+ Kf7 36. Kf3 Ke6 37. Ke3 Ne4 38. f3 Ng5 39. h4 Nf7 40. Bc7 1-0

[Event "*** Titled Tuesday Blitz"]
[Site "Chess.com"]
[Date "2020.05.26"]
[Round "3"]
[White "dopolian"]
[Black "Turquoise_2701"]
[Result "1-0"]
[WhiteElo "2324"]
[BlackElo "2145"]
[TimeControl "180+1"]
[EndTime "10:27:55 PDT"]
[Termination "dopolian won by resignation"]

1. Nf3 d5 2. e3 Nf6 3. b3 c6 4. Bb2 Nbd7 5. d4 g6 6. Nbd2 Bg7 7. c4 O-O 8. Bd3 Re8 9. O-O Nf8 10. e4 dxe4 11.
Nxe4 Bg4 12. h3 Bxf3 13. Qxf3 Nxe4 14. Qxe4 c5 15. Qxb7 cxd4 16. Rfe1 e5 17. Be4 Rb8 18. Qxa7 Ne6 19. Bd5 Qf6 20. Bc1 Bf8 21. Bd2 Nf4 22.
Bxf4 Qxf4 23. Re4 Qf6 24. Rae1 Bb4 25. Rd1 Rbd8 26. a3 Bc3 27. b4 Re7 28. Qa4 Qg5 29.
Qb3 Rf8 30. c5 Kg7 31. h4 f5 32. hxg5 fxe4 33. Bxe4 Rf4 34. f3 d3 35. Qxc3 1-0

[Event "*** Titled Tuesday Blitz"]
[Site "Chess.com"]
[Date "2020.05.26"]
[Round "3"]
[White "agrigo3"]
[Black "pavelalexandru07"]
[Result "0-1"]
[WhiteElo "2300"]
[BlackElo "2152"]
[TimeControl "180+1"]
[EndTime "10:27:55 PDT"]
[Termination "pavelalexandru07 won by resignation"]

1. Nf3 c5 2. g3 g6 3. Bg2 Bg7 4.
O-O Nc6 5. c3 d5 6. d4 cxd4 7.
cxd4 Nf6 8. Nbd2 O-O 9. b3 Ne4 10. Bb2 f5 11. Ne5 Qd6 12. Ndf3 Be6 13. Nd3 Rac8 14.
Nfe5 Nxe5 15. dxe5 Qb6 16. Qd2 Nxd2 17. Rfd1 Ne4 18.
a4 Rfd8 19. a5 Qc7 20. f3 Nc3 21. Rd2 Nb5 22. b4 d4 23. f4 Bd5 24. Bf1 Nc3 25. Nc5 b6 26. axb6 axb6 27. Na6 Qb7 28. Rxd4 Bc6 29. Bxc3 Rxd4 30. Bxd4 Bb5 31. Bg2 Bc6 32. Bf1 Ra8 33. e3 b5 34. Nc5 Rxa1 35. Nxb7 Rxf1+ 36. Kxf1 Bxb7 37. h4 e6 38. Ke2 Bf8 39. Bc3 Kf7 40. Kd2 Ke8 41. Ke2 Kd7 42. Kd2 Be4 43.
Ke2 Kc6 44. Kd2 Kd5 45. Ke2 Kc4 46. Kd2 Bxb4 47. Bxb4 Kxb4 0-1

[Event "*** Titled Tuesday Blitz"]
[Site "Chess.com"]
[Date "2020.05.26"]
[Round "3"]
[White "Michaelson_11"]
[Black "Xeniya2005"]
[Result "0-1"]
[WhiteElo "2000"]
[BlackElo "2281"]
[TimeControl "180+1"]
[EndTime "10:27:55 PDT"]
[Termination "Xeniya2005 won on time"]

1. e4 e6 2. d4 d5 3. Nc3 Bb4 4. e5 Ne7 5. a3 Bxc3+ 6. bxc3 c5 7. Qg4 Nf5 8. Bd3 Qa5 9. Bd2 g6 10. Ne2 Nc6 11. Qg5 Qd8 12. Qxd8+ Kxd8 13. g4 Nfe7 14.
h4 c4 15. h5 cxd3 16. cxd3 b6 17. Bg5 Rg8 18. hxg6 Rxg6 19. Bf6 Bd7 20. Rxh7 Rxg4 21.
Rxf7 Be8 22. Rh7 Kd7 23. f3 Rg8 24. Kf2 Bg6 25. Rh6 Bxd3 26. Nf4 Bf5 27. Rah1 Raf8 28.
R1h5 Bc2 29. Bxe7 Rxf4 30. Bg5 Rf7 31. f4 Ne7 32. Rf6 Rgf8 33. Rhh6 Nf5 34. Rh5 Rxf6 35.
exf6 Nd6 36. Rh6 Ne4+ 37. Ke3 Rf7 38. Kf3 Nd2+ 0-1

[Event "*** Titled Tuesday Blitz"]
[Site "Chess.com"]
[Date "2020.05.26"]
[Round "3"]
[White "talman67"]
[Black "TranJMinh"]
[Result "0-1"]
[WhiteElo "2566"]
[BlackElo "2791"]
[TimeControl "180+1"]
[EndTime "10:27:56 PDT"]
[Termination "TranJMinh won by resignation"]

1. e4 c5 2. Nf3 d6 3. d4 cxd4 4. Nxd4 Nf6 5. Nc3 a6 6. h3 e5 7. Nb3 Be6 8. f4 Be7 9. Qe2 b5 10. a4 b4 11. Na2 a5 12. Bd2 O-O 13. f5 Bd7 14. Nac1 d5 15. exd5 Bxf5 16. Qxe5 Bxc2 17. Bb5 Bd6 18. Qg5 Qc7 19. O-O Bh2+ 20. Kh1 Ne4 21. Qg4 Ng3+ 22. Kxh2 Nxf1+ 23. Kg1 Nxd2 24. Nxd2 Qc5+ 25. Kh1 Qxd5 26. Nf3 Nc6 27. Ne2 Be4 28. Nf4 Qc5 29. Nh5 Bg6 30. Nf4 Ne5 31. Nxe5 Qxe5 32. Rf1 Qxb2 33. Bc4 Kh8 34. Nxg6+ fxg6 35. Rxf8+ Rxf8 36.
Bf7 Qc1+ 37. Kh2 Qc7+ 0-1

[Event "*** Titled Tuesday Blitz"]
[Site "Chess.com"]
[Date "2020.05.26"]
[Round "3"]
[White "AlanZhang"]
[Black "RitvarsReimanis"]
[Result "1-0"]
[WhiteElo "2250"]
[BlackElo "2480"]
[TimeControl "180+1"]
[EndTime "10:27:56 PDT"]
[Termination "AlanZhang won on time"]

1. e4 c5 2. Nf3 Nc6 3. d4 cxd4 4. Nxd4 Nf6 5. Nc3 e5 6. Ndb5 d6 7. Bg5 a6 8. Na3 b5 9. Nd5 Be7 10. Bxf6 Bxf6 11. c4 b4 12. Nc2 O-O 13. h4 a5 14.
b3 Nd4 15. Nxd4 exd4 16. g3 Bb7 17. Nxf6+ Qxf6 18. Bg2 Rfe8 19. Qd3 Qg6 20. Qxd4 Bxe4 21. O-O Bxg2 22. Kxg2 Re6 23. Rfe1 Rae8 24. Qxd6 h6 25. Rxe6 Rxe6 26. Qc5 Re2 27. Qxa5 Qe4+ 28. Kg1 Rxf2 29. Qd8+ Kh7 30. Kxf2 Qc2+ 31. Kg1 Qc3 32. Qd1 Qxg3+ 33. Kf1 Qh3+ 34. Ke2 Qg2+ 35. Kd3 Qg3+ 36. Kc2 Qc3+ 37.
Kb1 g6 38. a3 bxa3 39. Rxa3 h5 40. Ra7 Kg7 41. Qc2 Qe3 42. Qb2+ Kh6 43. Qc1 1-0

[Event "*** Titled Tuesday Blitz"]
[Site "Chess.com"]
[Date "2020.05.26"]
[Round "3"]
[White "Koalaskakistis"]
[Black "Jospem"]
[Result "0-1"]
[WhiteElo "2455"]
[BlackElo "2862"]
[TimeControl "180+1"]
[EndTime "10:27:57 PDT"]
[Termination "Jospem won on time"]

1. c4 c5 2. g3 Nc6 3. Bg2 g6 4. Nc3 Bg7 5. a3 d6 6. Rb1 a5 7. d3 e6 8. e3 Nge7 9. Nge2 O-O 10. O-O d5 11. cxd5 exd5 12. d4 cxd4 13. Nxd4 Nxd4 14. exd4 Bf5 15. Ra1 Be6 16. Bg5 Re8 17. Re1 Qd7 18. Bxe7 Rxe7 19. Nxd5 Bxd5 20. Rxe7 Qxe7 21. Bxd5 Rd8 22.
Qf3 Bxd4 23. Rd1 Bb6 24. Qb3 Qc7 25. Rf1 Rd6 26. Kg2 a4 27. Qb5 Bd4 28. Re1 Kg7 29.
Re2 b6 30. Ba2 Qb7+ 31. Kg1 Qf3 32. Qc4 Bxb2 33. Qxf7+ Qxf7 34. Bxf7 Bxa3 35. Be8 Rd4 36. Ra2 Kf8 37. Bb5 Bc5 38. Bxa4 Rb4 39. Bc2 Ke7 40. Ra7+ Kf6 41. Rxh7 Rb2 42. Be4 Rxf2 43. Kh1 Re2 44. Bd3 Re3 45. Bc2 Rc3 46. Be4 Re3 47. Bg2 Re1+ 0-1

[Event "*** Titled Tuesday Blitz"]
[Site "Chess.com"]
[Date "2020.05.26"]
[Round "3"]
[White "Mikhail_Biryukov"]
[Black "Paralinch"]
[Result "0-1"]
[WhiteElo "2639"]
[BlackElo "2879"]
[TimeControl "180+1"]
[EndTime "10:27:59 PDT"]
[Termination "Paralinch won by resignation"]

1. e4 c6 2. d4 d5 3. Nd2 dxe4 4. Nxe4 Nf6 5. Nxf6+ exf6 6. c3 Bd6 7. Bd3 O-O 8. Ne2 Re8 9. O-O Nd7 10. Bf4 Nf8 11. Bxd6 Qxd6 12. Qc2 g6 13. Rfe1 Bd7 14. Ng3 f5 15.
Qd2 c5 16. dxc5 Qxc5 17. Rxe8 Rxe8 18. Re1 Ne6 19. Bc2 Bc6 20. Bb3 Rd8 21. Qc1 Bd5 22. Rd1 f4 23. Nf1 f3 24. Rxd5 Rxd5 25. Bxd5 Qxd5 26.
Qd2 Qxa2 27. gxf3 Qb1 28. Qd6 Qxb2 29. Qb8+ Nf8 30. Ne3 Qxc3 31. Qxa7 b5 32. Qb8 b4 33. h4 Qd4 34. h5 gxh5 35. Nf5 Qf6 36. Nd6 b3 37. Ne4 Qg7+ 38. Kh2 b2 39. Qb6 Qe5+ 40. Kg2 Ne6 41. Nd6 Qxd6 42. Qxd6 b1=Q 43. Qe7 Qf5 44. Qh4 Qg5+ 0-1

[Event "*** Titled Tuesday Blitz"]
[Site "Chess.com"]
[Date "2020.05.26"]
[Round "3"]
[White "isla88"]
[Black "TST2014"]
[Result "0-1"]
[WhiteElo "2315"]
[BlackElo "2520"]
[TimeControl "180+1"]
[EndTime "10:27:59 PDT"]
[Termination "TST2014 won by checkmate"]

1. Nf3 Nf6 2. g3 c5 3. Bg2 Nc6 4. O-O e5 5. c4 d5 6. cxd5 Nxd5 7. Nc3 Nc7 8. d3 Be7 9. Be3 O-O 10. Rc1 b6 11.
Nxe5 Nxe5 12. Bxa8 Nxa8 13. d4 Nc4 14. Bf4 cxd4 15.
Nb5 Qd5 16. Qxd4 Qxb5 17. Qxc4 Qf5 18. e4 Qh3 19. Rfd1 Bg4 20. Rd3 Be2 21. Qd4 Bxd3 22. Qxd3 Rd8 23. Qa6 Qd7 24. h4 h6 25. Kh2 Bc5 26.
Rc2 Qd1 27. Re2 Qd3 28. Qxd3 Rxd3 29. e5 Nc7 30. a3 a5 31. h5 Ne6 32. Bc1 Bd4 33.
Rc2 Rb3 34. Rc8+ Kh7 35. f4 Bxb2 36. Bd2 Bxa3 37. f5 Rb2 38. fxe6 Rxd2+ 39. Kh3 fxe6 40.
Re8 Bc5 41. Rxe6 a4 42. g4 a3 43. g5 hxg5 44. h6 gxh6 45. Kg4 Rd4+ 46. Kh5 Rh4# 0-1

[Event "*** Titled Tuesday Blitz"]
[Site "Chess.com"]
[Date "2020.05.26"]
[Round "3"]
[White "Vesper2018"]
[Black "doons21"]
[Result "1-0"]
[WhiteElo "2303"]
[BlackElo "2494"]
[TimeControl "180+1"]
[EndTime "10:28:00 PDT"]
[Termination "Vesper2018 won by resignation"]

1. e4 e6 2. d4 d5 3. e5 c5 4. c3 Qb6 5. Nf3 Nc6 6. a3 c4 7.
g3 Na5 8. Nbd2 Bd7 9. h4 Ne7 10. Bh3 Nec6 11. O-O h6 12. Rb1 Be7 13. Nh2 O-O-O 14.
f4 g6 15. Ng4 Kb8 16. Nf6 Ka8 17. Kh2 Nb8 18. Rf2 Bc6 19. g4 Nd7 20. g5 hxg5 21.
hxg5 Rh4 22. Nf3 Rhh8 23. Kg3 Nb3 24. Be3 Ba4 25. Qe2 Qc7 26. Nh2 Nb6 27. Nhg4 Bb5 28. Rh1 Na4 29. Rfh2 Qb6 30. Bf1 Rhf8 31. Rh7 Be8 32. Nxe8 Rdxe8 33. Nh6 Bxa3 34. bxa3 Nxc3 35. Qc2 Ne4+ 36. Kg4 Nxd4 37. Qd1 Qb3 38. Qxd4 b6 39. Be2 Qc2 40. Bf3 Nc3 41. Rxf7 Rxf7 42. Nxf7 Nb5 43. Qd2 Qb3 44. Nd6 c3 45. Qd3 Nxd6 46. exd6 c2 47. Qxb3 1-0

[Event "*** Titled Tuesday Blitz"]
[Site "Chess.com"]
[Date "2020.05.26"]
[Round "3"]
[White "amintabatabaei"]
[Black "MiroVlasenko"]
[Result "0-1"]
[WhiteElo "2909"]
[BlackElo "2682"]
[TimeControl "180+1"]
[EndTime "10:28:01 PDT"]
[Termination "MiroVlasenko won by resignation"]

1. e4 c5 2. Nf3 a6 3. c3 d5 4. exd5 Qxd5 5. d4 Bg4 6. Be2 e6 7. Be3 cxd4 8. cxd4 Nf6 9. Nc3 Qd6 10. O-O Nc6 11. Qb3 Rb8 12. Ne5 Bxe2 13. Nxe2 Nd5 14. Rac1 Nxe5 15. dxe5 Qb4 16. Qxb4 Bxb4 17. Bc5 Bxc5 18.
Rxc5 Kd7 19. Rfc1 Rhc8 20. f4 b6 21. Rxc8 Rxc8 22. Rxc8 Kxc8 23. Kf2 Nb4 24. Nc1 Kc7 25. Ke3 Kc6 26. Ke4 Kc5 27. g4 Kc4 28. f5 a5 29.
h4 g6 30. h5 exf5+ 31. gxf5 gxh5 32. e6 fxe6 33. f6 Nd5 34. f7 Nf6+ 35. Ke5 Nd7+ 36. Kxe6 Nf8+ 37. Kf5 h4 38. b3+ Kd5 39. Nd3 Kd6 40. Nf4 Ke7 41. Nd5+ Kxf7 42. Kg4 Nd7 43. Kxh4 Ke6 44. Nc3 Ke5 45. Kh5 Kd4 46. Nd1 Kd3 47.
Nf2+ Kc2 48. Kh6 Kb2 0-1

[Event "*** Titled Tuesday Blitz"]
[Site "Chess.com"]
[Date "2020.05.26"]
[Round "3"]
[White "SameerMujumdar"]
[Black "CarlosAlbornoz"]
[Result "0-1"]
[WhiteElo "2308"]
[BlackElo "2708"]
[TimeControl "180+1"]
[EndTime "10:28:01 PDT"]
[Termination "CarlosAlbornoz won by resignation"]

1. e4 c5 2. Nf3 d6 3. d4 cxd4 4.
Nxd4 Nf6 5. Nc3 a6 6. h3 e5 7. Nde2 h5 8. Bg5 Be6 9. Bxf6 Qxf6 10. Nd5 Qd8 11. Nec3 Nc6 12. Bc4 g6 13. Bb3 Bg7 14.
Qd3 O-O 15. O-O Nd4 16. Rad1 Rc8 17. Ne3 Qa5 18. Bd5 b5 19. a3 b4 20. axb4 Qxb4 21. Rb1 Bh6 22. Bxe6 fxe6 23. Qxa6 Bxe3 24. fxe3 Nxc2 25.
Qd3 Qb3 26. Rfc1 Nb4 27. Qxd6 Nc6 28. Nd5 exd5 29. Qxg6+ Kh8 30. Qh6+ Kg8 31. Rxc6 Rxc6 32. Qxc6 Qxe3+ 33. Kh1 Qxe4 34. Ra1 Rf7 35. Qe8+ Kg7 36. Qe6 h4 37. Kh2 Qf4+ 38. Kh1 d4 39. Ra6 Qg5 40. Qc4 Qf4 41. Qd3 Qf1+ 42. Qxf1 Rxf1+ 43. Kh2 d3 44. Rd6 e4 45. g3 e3 46. Rxd3 e2 0-1

[Event "*** Titled Tuesday Blitz"]
[Site "Chess.com"]
[Date "2020.05.26"]
[Round "3"]
[White "Gyapiking"]
[Black "GMKrikor"]
[Result "1-0"]
[WhiteElo "2525"]
[BlackElo "2733"]
[TimeControl "180+1"]
[EndTime "10:28:02 PDT"]
[Termination "Gyapiking won on time"]

1. c4 e6 2. g3 d5 3. Bg2 dxc4 4. Qa4+ Nd7 5. Qxc4 a6 6. Nh3 b5 7. Qc2 Rb8 8. O-O Ngf6 9. b3 c5 10. Bb2 Bd6 11.
Nc3 O-O 12. Ng5 h6 13. Nce4 Nxe4 14. Nxe4 Be7 15. Rad1 Bb7 16. d4 Bxe4 17. Bxe4 c4 18. d5 cxb3 19. axb3 Rc8 20. Qb1 Bf6 21. Bxf6 Nxf6 22.
dxe6 Qe7 23. exf7+ Qxf7 24. Bf3 Rfe8 25. Qa1 Qe6 26. Rd3 Qb6 27. Rfd1 Re6 28. Qd4 Qxd4 29. Rxd4 Rc3 30. Rd6 Rxd6 31. Rxd6 a5 32. Ra6 Rxb3 33. Rxa5 Rb2 34. Kg2 b4 35. Rb5 Nd7 36. h4 Kf8 37. h5 Ke7 38. Rb7 Kd6 39. g4 Rb1 40. Be4 Rb2 41. Bf3 Rb1 42. Rb5 Rb2 43. Kg3 Ne5 44. Kf4 Nd7 45. Rd5+ Ke7 46. Rb5 Kd6 47. g5 hxg5+ 48.
Kxg5 Ne5 49. Rb6+ Ke7 50. Rb7+ Kd6 51. Rxg7 Nxf3+ 52. exf3 Rxf2 53. Rg6+ Ke5 54. Rb6 Rg2+ 55. Kh6 1-0